 Dungeon Crawl Stone Soup version 0.28.0-53-g5a82cb258f (webtiles) character file.

Game seed: 13427737868165996928

1247 lightspider the Slasher (level 8, 0/61 HPs)
             Began as a Demonspawn Fighter on Aug 23, 2022.
             Slain by Maggie
             ... wielding a +2 broad axe of flaming
              (14 damage)
             ... on level 6 of the Dungeon.
             The game lasted 00:18:10 (6091 turns).

lightspider the Slasher (Demonspawn Fighter)        Turns: 6091, Time: 00:18:11

Health: 0/61       AC: 16    Str: 19    XL:     8   Next: 25%
Magic:  8/8        EV:  9    Int:  9    God:
Gold:   199        SH:  4    Dex: 13    Spells: 7/7 levels left

rFire   . . .      SeeInvis .   a - +0 long sword
rCold   . . .      Faith    .   c - +0 buckler
rNeg    . . .      Spirit   .   b - +0 scale mail
rPois   .          Reflect  .   j - +0 helmet
rElec   .          Harm     .   (no cloak)
rCorr   .          Rampage  +   (no gloves)
Will    +....                   m - +2 pair of boots {rampage}
Stlth   ..........              (no amulet)
HPRegen 0.20/turn               t - ring of willpower
MPRegen 0.11/turn               k - +4 ring of protection

@: mighty, mesmerised
A: claws 1, powered by pain 2, demonic magic 2
a: no special abilities


You were on level 6 of the Dungeon.
You visited 1 branch of the dungeon, and saw 6 of its levels.

You collected 199 gold pieces.

Inventory:

Hand Weapons
 a - a +0 long sword (weapon)
Armour
 b - a +0 scale mail (worn)
 c - a +0 buckler (worn)
 j - a +0 helmet (worn)
 m - a +2 pair of boots of rampaging (worn)
 o - the +1 leather armour of the Bruised Thickets {rN+ Int+4}
   (You found it on level 5 of the Dungeon)

   Int:       It affects your intelligence (+4).
   rN:        It protects you from negative energy.
Jewellery
 k - a +4 ring of protection (right claw)
 n - a ring of positive energy
 q - a ring of ice
 r - a ring of see invisible
 t - a ring of willpower (left claw)
Wands
 f - a wand of flame (12)
 l - a wand of polymorph (7)
Scrolls
 g - 5 scrolls of teleportation
 i - 2 scrolls of fear
 p - a scroll of blinking
Potions
 d - a potion of might
 u - 2 potions of lignification


   Skills:
 + Level 4.9 Fighting
 + Level 6.2 Long Blades
 + Level 6.0 Armour
 + Level 0.7 Stealth
 - Level 3.2 Shields


You had 7 spell levels left.
You didn't know any spells.
Your spell library contained the following spells:

 Spells                   Type           Power      Damage    Failure   Level
 Apportation              Tloc           0%         N/A       83%         1
 Alistair's Intoxication  Tmut/Pois      0%         N/A       100%        5


Dungeon Overview and Level Annotations

Branches:
Dungeon (6/15)
 Temple: D:4-7

Altars:
Dithmenos
Uskayaw

Shops:
D:2 *

Annotations:
D:6 Maggie


Innate Abilities, Weirdness & Mutations

You have sharp fingernails.
You sometimes gain power by taking damage.
Spells you cast may paralyse nearby enemies.


Message History

Maggie zaps a wand.
The puff of flame hits you.
You slash Maggie!
Maggie is lightly wounded.
Maggie hits you but does no damage.
You closely miss Maggie.
Maggie is lightly wounded.
Maggie hits you but does no damage.
Maggie casts a spell.
Maggie draws you further into her thrall.
You hit Maggie.
Maggie is moderately wounded.
Maggie says, "Have you seen any dragons?"
Maggie points at you and mumbles some strange words.
The bolt of fire hits you.
You hit Maggie.
Maggie is moderately wounded.
Maggie zaps a wand.
The puff of flame hits you!
You barely miss Maggie.
Maggie is moderately wounded.
Maggie points at you and mumbles some strange words.
The bolt of fire hits you!!
You hit Maggie.
Maggie is moderately wounded.
Maggie gestures wildly while chanting.
Maggie draws you further into her thrall.
You feel very mighty all of a sudden.
Maggie hits you with a +2 broad axe of flaming.
Maggie burns you.
You slash Maggie!
Maggie is heavily wounded.
Maggie gestures at you while chanting. The bolt of fire hits you!
* * * LOW HITPOINT WARNING * * *
You hit Maggie but do no damage.
Maggie is heavily wounded.
Maggie barely misses you.
You barely miss Maggie.
Maggie is heavily wounded.
Maggie hits you with a +2 broad axe of flaming!
You die...

####... ... # .......
... .# ...#... ..##.#.
....... ............#
...#... ............#
#..... ..#.).......##
#.<.#@#...........### .
#...@...##...........
..#####....!##........##
..........####.........#
....##....####......<#
(>...#......#..#######
..........#....#
...........#.#.#
.............#...
.............##....


You could see Maggie (mesmerising).

Vanquished Creatures
  2 ice beasts
  An ogre (D:4)
  A centaur (D:5)
  A phantom (D:4)
  A scorpion (D:4)
  A wyvern zombie (D:5)
  2 water moccasin skeletons (D:4)
  2 gnoll shamans (D:4)
  2 hounds (D:4)
  A jelly (D:5)
  3 iguanas
  6 orc wizards (D:5)
  A howler monkey skeleton (D:5)
  5 adders
  12 gnolls
  A worm (D:3)
  A dart slug (D:1)
  6 orcs (D:5)
  7 endoplasms
  3 giant cockroaches
  3 hobgoblins
  4 kobolds
  A quokka (D:1)
  4 ball pythons
  7 bats
  A frilled lizard (D:2)
  4 goblins
  A quokka skeleton (D:4)
  7 rats
91 creatures vanquished.

Vanquished Creatures (others)
  An orc wizard (D:5)
1 creature vanquished.

Grand Total: 92 creatures vanquished

Notes
Turn   | Place    | Note
-------+----------+-------------------------------------------
     0 | D:1      | lightspider the Demonspawn Fighter began the quest for the
                  | Orb.
     0 | D:1      | Reached XP level 1. HP: 18/18 MP: 1/1
   200 | D:1      | Gained mutation: You sometimes gain a little power by
                  | taking damage. [demonic ancestry]
   200 | D:1      | Reached XP level 2. HP: 15/24 MP: 2/2
   445 | D:1      | Found a faded altar of an unknown god.
   975 | D:2      | Reached XP level 3. HP: 29/29 MP: 3/3
  1165 | D:2      | Found a shadowy altar of Dithmenos.
  1648 | D:2      | Found Xuepp's Assorted Antiques.
  1702 | D:2      | Gained mutation: Spells you cast may paralyse adjacent
                  | enemies. [demonic ancestry]
  1702 | D:2      | Reached XP level 4. HP: 35/35 MP: 4/4
  2952 | D:4      | Reached XP level 5. HP: 40/42 MP: 5/5
  2971 | D:4      | Noticed a phantom
  3014 | D:4      | Killed a phantom
  3015 | D:4      | Gained mutation: Spells you cast may paralyse nearby
                  | enemies. [demonic ancestry]
  3015 | D:4      | Reached XP level 6. HP: 15/48 MP: 6/6
  3617 | D:4      | Noticed an ice beast
  3630 | D:4      | Killed an ice beast
  3689 | D:4      | Gained mutation: You sometimes gain power by taking damage.
                  | [demonic ancestry]
  3689 | D:4      | Reached XP level 7. HP: 27/55 MP: 7/7
  4255 | D:4      | Reached skill level 5 in Long Blades
  4569 | D:5      | Entered Level 5 of the Dungeon
  4952 | D:4      | Reached skill level 5 in Armour
  5531 | D:5      | Identified the +1 leather armour of the Bruised Thickets
                  | {rN+ Int+4}
  5715 | D:5      | Found a hide-covered altar of Uskayaw.
  5857 | D:5      | Gained mutation: You have sharp fingernails. [demonic
                  | ancestry]
  5857 | D:5      | Reached XP level 8. HP: 58/61 MP: 8/8
  6072 | D:6      | Noticed Maggie
  6091 | D:6      | Slain by Maggie

Illustrated notes

Levels and vault maps discovered:
D:1:      minmay_arrival_up_and_down, layout_rooms, serial_aquarium,
          aquarium_bridge_square [aquarium_subvault_window,
          aquarium_subvault_window, aquarium_subvault_bridge,
          aquarium_subvault_bridge], aquarium_bridge_long_joined
          [aquarium_subvault_wall, aquarium_subvault_wall,
          aquarium_subvault_bridge, aquarium_subvault_bridge,
          aquarium_subvault_bridge, aquarium_subvault_wall], aquarium_window_3,
          aquarium_window_2, aquarium_window_fake, aquarium_view_2f,
          hellmonk_ecumenical_altar_lost_god
D:2:      layout_basic, basic_altar, serial_shops, nicolae_shop_statue_plus
D:3:      layout_basic
D:4:      layout_layer_cave, enter_ossuary_1, kennysheep_cross_room
D:5:      layout_rooms, mainiacjoe_overflow_surrounded_room,
          minmay_a_box_with_orc_wizards_in_it
D:6:      layout_rooms, uniq_maggie, uniq_menkaure

Skill      XL: |  1  2  3  4  5  6  7  8 |
---------------+-------------------------+-----
Long Blades    | 2 3 4 5 6 |  6.2
Armour         | 3 4 5 6 |  6.0
Shields        | 3 |  3.2
Fighting       | 4 |  4.9
Stealth        | |  0.7

Action                   |  1- 3 |  4- 6 |  7- 9 || total
-------------------------+-------+-------+-------++-------
Melee: Long sword        |    81 |   173 |   208 ||   462
Throw: Throwing net      |       |       |     1 ||     1
  Use: Scroll            |       |     4 |     4 ||     8
       Potion            |       |     2 |     2 ||     4
Armor: Scale mail        |    42 |    84 |   139 ||   265
Dodge: Dodged            |    35 |    92 |    89 ||   216
Block: Buckler           |    19 |    45 |    37 ||   101
